Princes vs Sasquatch

Created - 3 janvier 2013 at 23:08

Goals
1 2 3 T
Princes 0 2 1 3
Sasquatch 0 1 3 4
Shots
1 2 3 T
Princes 9 9 15 33
Sasquatch 14 15 8 37

1st period

No Goal

Penalties :
Jason Strudwick (Cal) for Interference (Minor) at 16:13

2nd period

1. Sasquatch , Tomas Kurka 9 (Steve Bernier, Andrew Cogliano) at 0:16
2. Princes , David Desharnais 1 (P.J. Axelsson) at 8:55
3. Princes , Michael Nylander 11 (David Perron, Brian McGrattan) at 18:57

Penalties :
Jesse Winchester (Cal) for Hooking (Minor) at 1:47, Linus Omark (Gat) for Holding (Minor) at 14:49

3rd period

4. Sasquatch , Andrew Cogliano 13 (Kyle Cumiskey) at 3:50 (PP)
5. Princes , Michael Haley 2 (John Madden, Rostislav Klesla) at 9:20
6. Sasquatch , Andrew Brunette 1 (Andreas Karlsson, Ryan Wilson) at 11:33
7. Sasquatch , Andrew Cogliano 14 (Tomas Kurka, Steve Bernier) at 15:34

Penalties :
Michael Nylander (Cal) for Tripping (Minor) at 2:08, Kevin Porter (Gat) for Tripping (Minor) at 5:57, Curtis Glencross (Cal) for Interference (Minor) at 11:54, Steve Bernier (Gat) for Boarding (Minor) at 17:00

Goalie Stats

Manny Legace (Cal), 33 saves from 37 shots - (0,892), L, 4-5-1, 59:22 minutes
Cory Schneider (Gat), 30 saves from 33 shots - (0,909), W, 13-2-2, 60:00 minutes

Players Stats for Princes

Player Name              G  A  P  +/- PIM S  H  SB GA TA FO     MP     PP MP  PK MP  
------------------------------------------------------------------------------------
Alexander Korolyuk       0  0  0   1  0   1  0  0  0  0  0/0    11:48   2:16   0:43 
Anthony Peluso           0  0  0   1  0   0  1  0  0  0  1/1     7:26   0:04   0:00 
Brian McGrattan          0  1  1   0  0   1  4  0  1  0  1/2    19:24   3:37   1:42 
Chris Thorburn           0  0  0  -2  0   4  3  0  2  0  1/2    18:29   2:16   0:00 
Curtis Glencross         0  0  0  -2  2   4  1  0  0  0  0/1    17:22   0:00   1:14 
David Desharnais         1  0  1   1  0   1  0  1  0  0  1/6     9:54   0:00   1:19 
David Perron             0  1  1   0  0   3  0  0  1  0  1/1    17:42   3:37   0:00 
Jason Strudwick          0  0  0  -1  2   0  0  1  0  0  0/0    13:48   0:00   2:06 
Jesse Winchester         0  0  0  -2  2   2  2  0  0  0  9/22   17:46   2:16   0:00 
John Madden              0  1  1   1  0   1  0  2  2  0  2/3     9:39   0:04   2:04 
Kevin Shattenkirk        0  0  0   2  0   1  0  1  1  0  0/0    17:07   3:52   0:00 
Michael Haley            1  0  1   1  0   1  0  0  0  0  0/0     7:04   0:00   0:00 
Michael Nylander         1  0  1   0  2   6  0  0  0  1  20/34  21:47   3:37   3:24 
Nate Prosser             0  0  0  -1  0   0  2  2  0  2  0/0    18:09   2:05   2:42 
Noah Welch               0  0  0  -1  0   2  1  2  2  1  0/0    24:37   0:00   4:51 
P.J. Axelsson            0  1  1   1  0   1  0  0  0  0  0/0    13:49   0:04   4:52 
Rostislav Klesla         0  1  1  -1  0   2  0  0  1  2  0/0    24:41   3:52   0:42 
Sean Zimmerman           0  0  0   2  0   3  0  1  0  0  0/0    21:45   2:05   4:57 

Players Stats for Sasquatch

Player Name              G  A  P  +/- PIM S  H  SB GA TA FO     MP     PP MP  PK MP  
------------------------------------------------------------------------------------
Aaron Voros              0  0  0   0  0   2  2  0  0  0  0/0     9:02   0:00   0:58 
Andreas Karlsson         0  1  1   0  0   1  2  2  0  0  2/5    12:44   0:00   1:27 
Andrew Brunette          1  0  1   0  0   1  0  0  0  0  0/0    11:07   0:00   0:47 
Andrew Cogliano          2  1  3   2  0   2  0  0  2  1  16/32  23:17   4:21   3:38 
Brian Lee                0  0  0   0  0   3  1  2  1  2  0/0    29:47   4:56   4:16 
Jakub Voracek            0  0  0  -2  0   2  2  2  0  0  2/5    16:19   3:18   0:00 
Jiri Novotny             0  0  0   0  0   1  0  1  0  0  2/7     9:10   0:00   1:25 
Kevin Marshall           0  0  0   0  0   0  0  1  0  2  0/0    11:07   0:00   0:01 
Kevin Porter             0  0  0  -2  2   6  2  1  0  1  9/14   15:37   3:18   0:00 
Konstantin Pushkarev     0  0  0   0  0   1  0  0  1  0  0/0     7:45   0:00   0:00 
Kyle Cumiskey            0  1  1   0  0   0  3  1  0  1  0/0    20:56   1:18   3:50 
Linus Omark              0  0  0  -2  2   1  0  0  1  0  0/1    18:16   4:21   0:38 
Mark Giordano            0  0  0  -1  0   3  3  2  0  2  0/0    22:24   2:57   1:40 
Matt Ellison             0  0  0   0  0   3  0  0  0  1  1/1    10:20   0:00   0:00 
Ryan Wilson              0  1  1   0  0   3  2  1  0  0  0/0    21:54   4:42   1:29 
Steve Bernier            0  2  2   2  2   3  2  0  1  0  2/3    23:21   4:21   3:02 
Tomas Kurka              1  1  2   2  0   2  0  2  0  0  2/4    18:00   3:18   0:00 
Trevor Daley             0  0  0   1  0   3  0  1  0  0  0/0    12:54   1:25   0:37 

3 Stars

1 - Andrew Cogliano (Gat)
2 - Tomas Kurka (Gat)
3 - Steve Bernier (Gat)

Power Play

Princes - 0 on 3 Attempt(s) - 0,00%
Sasquatch - 1 on 4 Attempt(s) - 25,00%

Penalty Kill

Princes - 3 on 4 Attempt(s) - 75,00% - Score 0 goal in Penalty Kill
Sasquatch - 3 on 3 Attempt(s) - 100,00% - Score 0 goal in Penalty Kill

Official

Referees : Banfield David and Peel Tim
Linesman : Pierre Racicot and Vaughan Rody

Game Notes

Trevor Daley is injured at 15:37 of 2nd period (Left Hand)
19:58 of 3rd period - Princes goal is going for a video replay. After video review, No Goal. The puck has entered the net after making contact with an attacking player’s stick that is above the height of the crossbar.

Princes

5 vs 5 Forward 
   Center                   Left Wing                Right Wing               Time % Phy DF OF 
 1 Jesse Winchester         Curtis Glencross         Chris Thorburn           40     1   1  3  
 2 Michael Nylander         David Perron             Brian McGrattan          40     1   1  3  
 3 David Desharnais         Alexander Korolyuk       P.J. Axelsson            15     1   2  2  
 4 John Madden              Michael Haley            Anthony Peluso           5      1   2  2  

5 vs 5 Defense 
   Defense                  Defense                                           Time % Phy DF OF 
 1 Noah Welch               Rostislav Klesla                                  40     0   3  2  
 2 Sean Zimmerman           Kevin Shattenkirk                                 30     0   3  2  
 3 Nate Prosser             Jason Strudwick                                   20     0   3  2  
 4 Nate Prosser             Jason Strudwick                                   10     0   3  2  

PowerPlay Forward 
   Center                   Left Wing                Right Wing               Time % Phy DF OF 
 1 Michael Nylander         David Perron             Brian McGrattan          60     0   1  4  
 2 Jesse Winchester         Alexander Korolyuk       Chris Thorburn           40     0   1  4  

PowerPlay Defense
   Defense                  Defense                                           Time % Phy DF OF 
 1 Kevin Shattenkirk        Rostislav Klesla                                  60     0   2  3  
 2 Sean Zimmerman           Nate Prosser                                      40     0   2  3  

Penalty Kill 4 Players Forward 
   Center                   Wing                     Time % Phy DF OF 
 1 Michael Nylander         P.J. Axelsson            60     1   3  1  
 2 John Madden              Curtis Glencross         40     1   3  1  

Penalty Kill 4 Players Defense
   Defense                  Defense                  Time % Phy DF OF 
 1 Noah Welch               Sean Zimmerman           60     0   4  1  
 2 Nate Prosser             Jason Strudwick          40     0   4  1  

Penalty Kill - 3 Players Forward 
   Forward                                           Time % Phy DF OF 
 1 Michael Nylander                                  60     1   2  2  
 2 John Madden                                       40     1   2  2  

Penalty Kill - 3 Players Defense
   Defense                  Defense                  Time % Phy DF OF 
 1 Noah Welch               Sean Zimmerman           60     1   4  0  
 2 Nate Prosser             Jason Strudwick          40     1   4  0  

4 vs 4 Forward 
   Center                   Wing                     Time % Phy DF OF 
 1 Michael Nylander         David Perron             60     1   2  2  
 2 Curtis Glencross         Brian McGrattan          40     1   2  2  

4 vs 4 Defense
   Defense                  Defense                  Time % Phy DF OF 
 1 Sean Zimmerman           Rostislav Klesla         60     1   2  2  
 2 Noah Welch               Nate Prosser             40     1   2  2  

Last Minutes Offensive
   Center                   Left Wing                Right Wing               Defense                  Defense                  
   Michael Nylander         David Perron             Brian McGrattan          Sean Zimmerman           Rostislav Klesla         

Last Minutes Defensive
   Center                   Left Wing                Right Wing               Defense                  Defense                  
   Michael Nylander         P.J. Axelsson            Brian McGrattan          Jason Strudwick          Sean Zimmerman           

Goaltenders
Starting : Manny Legace             
Backup : Jeff Deslauriers         

Extra Forwards
Normal : David Perron, Brian McGrattan, Curtis Glencross - PP : John Madden, P.J. Axelsson - PK : Brian McGrattan
Extra Defensemen
Normal : Nate Prosser, Kevin Shattenkirk, Sean Zimmerman - PP : Noah Welch - PK : Rostislav Klesla, Kevin Shattenkirk
Penalty Shots
Michael Nylander, David Perron, Curtis Glencross, Alexander Korolyuk, Brian McGrattan

Sasquatch

5 vs 5 Forward 
   Center                   Left Wing                Right Wing               Time % Phy DF OF 
 1 Andrew Cogliano          Tomas Kurka              Steve Bernier            40     1   2  2  
 2 Kevin Porter             Linus Omark              Jakub Voracek            30     1   2  2  
 3 Andreas Karlsson         Andrew Brunette          Matt Ellison             20     1   2  2  
 4 Jiri Novotny             Aaron Voros              Konstantin Pushkarev     10     1   2  2  

5 vs 5 Defense 
   Defense                  Defense                                           Time % Phy DF OF 
 1 Brian Lee                Trevor Daley                                      40     1   2  2  
 2 Mark Giordano            Kyle Cumiskey                                     30     1   2  2  
 3 Ryan Wilson              Kevin Marshall                                    20     1   2  2  
 4 Brian Lee                Mark Giordano                                     10     1   2  2  

PowerPlay Forward 
   Center                   Left Wing                Right Wing               Time % Phy DF OF 
 1 Andrew Cogliano          Linus Omark              Steve Bernier            60     1   2  2  
 2 Kevin Porter             Tomas Kurka              Jakub Voracek            40     1   2  2  

PowerPlay Defense
   Defense                  Defense                                           Time % Phy DF OF 
 1 Brian Lee                Ryan Wilson                                       60     1   2  2  
 2 Trevor Daley             Mark Giordano                                     40     1   2  2  

Penalty Kill 4 Players Forward 
   Center                   Wing                     Time % Phy DF OF 
 1 Andrew Cogliano          Steve Bernier            60     1   2  2  
 2 Andreas Karlsson         Linus Omark              40     1   2  2  

Penalty Kill 4 Players Defense
   Defense                  Defense                  Time % Phy DF OF 
 1 Brian Lee                Trevor Daley             60     1   2  2  
 2 Mark Giordano            Kyle Cumiskey            40     1   2  2  

Penalty Kill - 3 Players Forward 
   Forward                                           Time % Phy DF OF 
 1 Andrew Cogliano                                   60     1   2  2  
 2 Andreas Karlsson                                  40     1   2  2  

Penalty Kill - 3 Players Defense
   Defense                  Defense                  Time % Phy DF OF 
 1 Kyle Cumiskey            Trevor Daley             60     1   2  2  
 2 Mark Giordano            Brian Lee                40     1   2  2  

4 vs 4 Forward 
   Center                   Wing                     Time % Phy DF OF 
 1 Andrew Cogliano          Steve Bernier            60     1   2  2  
 2 Kevin Porter             Matt Ellison             40     1   2  2  

4 vs 4 Defense
   Defense                  Defense                  Time % Phy DF OF 
 1 Brian Lee                Trevor Daley             60     1   2  2  
 2 Mark Giordano            Ryan Wilson              40     1   2  2  

Last Minutes Offensive
   Center                   Left Wing                Right Wing               Defense                  Defense                  
   Andrew Cogliano          Tomas Kurka              Steve Bernier            Trevor Daley             Brian Lee                

Last Minutes Defensive
   Center                   Left Wing                Right Wing               Defense                  Defense                  
   Andrew Cogliano          Linus Omark              Steve Bernier            Mark Giordano            Brian Lee                

Goaltenders
Starting : Cory Schneider           
Backup : Curtis Sanford           

Extra Forwards
Normal : Jakub Voracek, Andrew Brunette, Jiri Novotny - PP : Linus Omark, Konstantin Pushkarev - PK : Jiri Novotny
Extra Defensemen
Normal : Ryan Wilson, Brian Lee, Mark Giordano - PP : Kyle Cumiskey - PK : Kyle Cumiskey, Trevor Daley
Penalty Shots
Andrew Cogliano, Linus Omark, Andreas Karlsson, Matt Ellison, Jiri Novotny

% Time on Ice - Princes

Lines # - Real PCT - Wanted PCT - Time Play
Normal Forward
1 - 33% - 40% - 15:18
2 - 32% - 40% - 14:45
3 - 19% - 15% - 8:35
4 - 15% - 5% - 7:04
Normal Defense
1 - 44% - 40% - 20:05
2 - 31% - 30% - 14:10
3 - 19% - 20% - 8:32
4 - 6% - 10% - 2:55
PP Forward
1 - 61% - 60% - 3:37
2 - 39% - 40% - 2:20
PP Defense
1 - 65% - 60% - 3:52
2 - 35% - 40% - 2:05
PK Forward
1 - 73% - 60% - 5:35
2 - 27% - 40% - 2:04
PK Defense
1 - 65% - 60% - 4:57
2 - 35% - 40% - 2:42
PK3 Forward
1 - 0% - 60%
2 - 0% - 40%
PK3 Defense
1 - 0% - 60%
2 - 0% - 40%
44 Forward
1 - 0% - 60%
2 - 0% - 40%
44 Defense
1 - 0% - 60%
2 - 0% - 40%
Last Minute Offensive  - 0:42
Last Minute Defensive  - 0:00
Total
Forward - 60:00
Defense - 60:00

% Time on Ice - Sasquatch

Lines # - Real PCT - Wanted PCT - Time Play
Normal Forward
1 - 33% - 40% - 15:18
2 - 27% - 30% - 12:20
3 - 23% - 20% - 10:20
4 - 17% - 10% - 7:45
Normal Defense
1 - 43% - 40% - 19:34
2 - 30% - 30% - 13:35
3 - 22% - 20% - 10:09
4 - 5% - 10% - 2:25
PP Forward
1 - 57% - 60% - 4:21
2 - 43% - 40% - 3:18
PP Defense
1 - 61% - 60% - 4:42
2 - 39% - 40% - 2:57
PK Forward
1 - 86% - 60% - 5:08
2 - 14% - 40% - 0:49
PK Defense
1 - 97% - 60% - 5:46
2 - 3% - 40% - 0:11
PK3 Forward
1 - 0% - 60%
2 - 0% - 40%
PK3 Defense
1 - 0% - 60%
2 - 0% - 40%
44 Forward
1 - 0% - 60%
2 - 0% - 40%
44 Defense
1 - 0% - 60%
2 - 0% - 40%
Last Minute Offensive  - 0:00
Last Minute Defensive  - 0:41
Total
Forward - 60:00
Defense - 60:00

Play by Play

1st period


0:01 of 1st period - Jesse Winchester wins face-off versus Steve Bernier in neutral zone.
0:05 of 1st period - Off-side.
0:06 of 1st period - Andrew Cogliano wins face-off versus Jesse Winchester in neutral zone.
0:43 of 1st period - Slapshot by Brian McGrattan.
0:43 of 1st period - Shot Misses the Net.
1:14 of 1st period - Off-side.
1:15 of 1st period - Andreas Karlsson wins face-off versus David Desharnais in neutral zone.
1:18 of 1st period - Jason Strudwick is hit by Kyle Cumiskey and loses puck.
1:42 of 1st period - Nate Prosser is hit by Steve Bernier and loses puck.
2:01 of 1st period - Snap shot by Chris Thorburn.
2:01 of 1st period - Deflect By Curtis Glencross.
2:01 of 1st period - Shot Blocked by Jiri Novotny.
2:01 of 1st period - Puck is out of play.
2:02 of 1st period - Jiri Novotny wins face-off versus Jesse Winchester in Sasquatch zone.
2:09 of 1st period - Wrist shot by Aaron Voros.
2:09 of 1st period - Stopped by Manny Legace with a rebound.
2:47 of 1st period - Snap shot by Kevin Porter.
2:47 of 1st period - Stopped by Manny Legace without a rebound.
2:48 of 1st period - Kevin Porter wins face-off versus David Desharnais in Princes zone.
4:28 of 1st period - Slapshot by Kevin Shattenkirk.
4:28 of 1st period - Shot Blocked by Ryan Wilson.
4:30 of 1st period - Slapshot by Kevin Shattenkirk.
4:30 of 1st period - Stopped by Cory Schneider with a rebound.
4:58 of 1st period - Snap shot by Linus Omark.
4:58 of 1st period - Shot Blocked by Nate Prosser.
5:00 of 1st period - Snap shot by Ryan Wilson.
5:00 of 1st period - Stopped by Manny Legace with a rebound.
5:02 of 1st period - Slapshot by Kevin Marshall.
5:02 of 1st period - Deflect By Kevin Porter.
5:02 of 1st period - Shot Misses the Net.
5:02 of 1st period - Puck is out of play.
5:03 of 1st period - Andrew Cogliano wins face-off versus Jesse Winchester in Princes zone.
5:14 of 1st period - Snap shot by Chris Thorburn.
5:14 of 1st period - Stopped by Cory Schneider with a rebound.
5:16 of 1st period - Slapshot by Jason Strudwick.
5:16 of 1st period - Shot Blocked by Mark Giordano.
6:33 of 1st period - Snap shot by David Perron.
6:33 of 1st period - Shot Blocked by Tomas Kurka.
6:57 of 1st period - Wrist shot by Curtis Glencross.
6:57 of 1st period - Shot Misses the Net.
7:27 of 1st period - Slapshot by Kevin Porter.
7:27 of 1st period - Stopped by Manny Legace without a rebound.
7:28 of 1st period - David Desharnais wins face-off versus Kevin Porter in Princes zone.
7:41 of 1st period - Slapshot by Rostislav Klesla.
7:41 of 1st period - Deflect By Alexander Korolyuk.
7:41 of 1st period - Shot Blocked by Kevin Porter.
7:41 of 1st period - Puck is out of play.
7:42 of 1st period - Andrew Cogliano wins face-off versus Jesse Winchester in Sasquatch zone.
7:54 of 1st period - Wrist shot by Curtis Glencross.
7:54 of 1st period - Shot Blocked by Tomas Kurka.
8:09 of 1st period - Icing by Steve Bernier.
8:10 of 1st period - Michael Nylander wins face-off versus Kevin Porter in Sasquatch zone.
8:25 of 1st period - Snap shot by Michael Nylander.
8:25 of 1st period - Shot Misses the Net.
8:39 of 1st period - Snap shot by Andreas Karlsson.
8:39 of 1st period - Shot Misses the Net.
8:41 of 1st period - Wrist shot by Andreas Karlsson.
8:41 of 1st period - Shot Misses the Net.
8:43 of 1st period - Wrist shot by Matt Ellison.
8:43 of 1st period - Stopped by Manny Legace with a rebound.
8:45 of 1st period - Wrist shot by Andreas Karlsson.
8:45 of 1st period - Shot Blocked by Sean Zimmerman.
9:25 of 1st period - Snap shot by Steve Bernier.
9:25 of 1st period - Stopped by Manny Legace with a rebound.
9:27 of 1st period - Wrist shot by Steve Bernier.
9:27 of 1st period - Stopped by Manny Legace without a rebound.
9:28 of 1st period - Kevin Porter wins face-off versus Michael Nylander in Princes zone.
9:31 of 1st period - Wrist shot by Kevin Porter.
9:31 of 1st period - Shot Misses the Net.
9:54 of 1st period - Andreas Karlsson is hit by Jesse Winchester and loses puck.
11:41 of 1st period - Wrist shot by Curtis Glencross.
11:41 of 1st period - Stopped by Cory Schneider without a rebound.
11:42 of 1st period - Jesse Winchester wins face-off versus Jiri Novotny in Sasquatch zone.
12:07 of 1st period - Kyle Cumiskey is hit by Brian McGrattan and loses puck.
12:34 of 1st period - Slapshot by Tomas Kurka.
12:34 of 1st period - Shot Misses the Net.
12:36 of 1st period - Wrist shot by Tomas Kurka.
12:36 of 1st period - Stopped by Manny Legace with a rebound.
12:38 of 1st period - Slapshot by Mark Giordano.
12:38 of 1st period - Shot Blocked by Noah Welch.
12:54 of 1st period - Wrist shot by Linus Omark.
12:54 of 1st period - Shot Misses the Net.
12:56 of 1st period - Slapshot by Kevin Porter.
12:56 of 1st period - Stopped by Manny Legace with a rebound.
12:58 of 1st period - Slapshot by Brian Lee.
12:58 of 1st period - Stopped by Manny Legace without a rebound.
12:59 of 1st period - Andrew Cogliano wins face-off versus Michael Nylander in Princes zone.
13:26 of 1st period - Curtis Glencross is hit by Kevin Porter and loses puck.
13:50 of 1st period - Snap shot by Alexander Korolyuk.
13:50 of 1st period - Shot Misses the Net.
15:27 of 1st period - Off-side.
15:28 of 1st period - Brian McGrattan wins face-off versus Jiri Novotny in neutral zone.
15:31 of 1st period - Slapshot by Michael Nylander.
15:31 of 1st period - Stopped by Cory Schneider with a rebound.
15:33 of 1st period - Snap shot by Sean Zimmerman.
15:33 of 1st period - Stopped by Cory Schneider with a rebound.
15:35 of 1st period - Slapshot by Sean Zimmerman.
15:35 of 1st period - Shot Misses the Net.
15:37 of 1st period - Slapshot by Sean Zimmerman.
15:37 of 1st period - Stopped by Cory Schneider with a rebound.
15:56 of 1st period - Wrist shot by Konstantin Pushkarev.
15:56 of 1st period - Deflect By Jiri Novotny.
15:56 of 1st period - Stopped by Manny Legace with a rebound.
16:04 of 1st period - Snap shot by Michael Nylander.
16:04 of 1st period - Stopped by Cory Schneider with a rebound.
16:06 of 1st period - Slapshot by Sean Zimmerman.
16:06 of 1st period - Deflect By David Perron.
16:06 of 1st period - Shot Misses the Net.
16:06 of 1st period - Puck is out of play.
16:07 of 1st period - Andrew Cogliano wins face-off versus Jesse Winchester in Sasquatch zone.
16:13 of 1st period - Minor Penalty to Jason Strudwick for Interference.
16:14 of 1st period - Michael Nylander wins face-off versus Andrew Cogliano in Princes zone.
16:23 of 1st period - Slapshot by Andrew Cogliano.
16:23 of 1st period - Shot Misses the Net.
16:50 of 1st period - Icing by Kevin Porter.
16:51 of 1st period - Andrew Cogliano wins face-off versus Michael Nylander in Sasquatch zone.
17:15 of 1st period - Snap shot by Tomas Kurka.
17:15 of 1st period - Shot Misses the Net.
17:17 of 1st period - Snap shot by Mark Giordano.
17:17 of 1st period - Stopped by Manny Legace with a rebound.
17:19 of 1st period - Slapshot by Trevor Daley.
17:19 of 1st period - Stopped by Manny Legace without a rebound.
17:20 of 1st period - Kevin Porter wins face-off versus Curtis Glencross in Princes zone.
18:13 of 1st period - Penalty to Jason Strudwick is over, Jason Strudwick is back on ice.
18:48 of 1st period - Snap shot by Brian Lee.
18:48 of 1st period - Stopped by Manny Legace without a rebound.
18:49 of 1st period - Jesse Winchester wins face-off versus Andrew Cogliano in Princes zone.
19:02 of 1st period - Wrist shot by Curtis Glencross.
19:02 of 1st period - Stopped by Cory Schneider without a rebound.
19:03 of 1st period - Kevin Porter wins face-off versus Michael Nylander in Sasquatch zone.
19:16 of 1st period - Wrist shot by Michael Nylander.
19:16 of 1st period - Shot Blocked by Mark Giordano.
19:51 of 1st period - Mark Giordano is hit by Chris Thorburn and loses puck.
19:56 of 1st period - Slapshot by Jesse Winchester.
19:56 of 1st period - Stopped by Cory Schneider with a rebound.
19:58 of 1st period - Slapshot by Nate Prosser.
19:58 of 1st period - Shot Hit the Post.

2nd period


0:01 of 2nd period - Jesse Winchester wins face-off versus Andrew Cogliano in neutral zone.
0:12 of 2nd period - Snap shot by Andrew Cogliano.
0:12 of 2nd period - Shot Misses the Net.
0:14 of 2nd period - Snap shot by Steve Bernier.
0:14 of 2nd period - Stopped by Manny Legace with a rebound.
0:16 of 2nd period - Snap shot by Tomas Kurka.
0:16 of 2nd period - Goal by Tomas Kurka - Princes : 0 - Sasquatch : 1.
0:17 of 2nd period - Andrew Cogliano wins face-off versus Michael Nylander in neutral zone.
0:22 of 2nd period - Wrist shot by Andrew Cogliano.
0:22 of 2nd period - Shot Hit the Post.
1:05 of 2nd period - Wrist shot by John Madden.
1:05 of 2nd period - Stopped by Cory Schneider without a rebound.
1:06 of 2nd period - John Madden wins face-off versus Andrew Cogliano in Sasquatch zone.
1:47 of 2nd period - Minor Penalty to Jesse Winchester for Hooking.
1:48 of 2nd period - Michael Nylander wins face-off versus Andrew Cogliano in Princes zone.
1:59 of 2nd period - Wrist shot by P.J. Axelsson.
1:59 of 2nd period - Deflect By Michael Nylander.
1:59 of 2nd period - Shot Blocked by Brian Lee.
1:59 of 2nd period - Puck is out of play.
2:00 of 2nd period - Michael Nylander wins face-off versus Andrew Cogliano in Sasquatch zone.
2:05 of 2nd period - Wrist shot by P.J. Axelsson.
2:05 of 2nd period - Stopped by Cory Schneider with a rebound.
2:15 of 2nd period - Wrist shot by Michael Nylander.
2:15 of 2nd period - Deflect By Steve Bernier.
2:15 of 2nd period - Shot Misses the Net.
2:15 of 2nd period - Puck is out of play.
2:16 of 2nd period - Michael Nylander wins face-off versus Andrew Cogliano in Sasquatch zone.
2:27 of 2nd period - Slapshot by Brian Lee.
2:27 of 2nd period - Shot Misses the Net.
3:47 of 2nd period - Penalty to Jesse Winchester is over, Jesse Winchester is back on ice.
3:59 of 2nd period - Mark Giordano is hit by Chris Thorburn and loses puck.
5:16 of 2nd period - Brian Lee is hit by Jesse Winchester and loses puck.
5:40 of 2nd period - Noah Welch is hit by Aaron Voros.
6:47 of 2nd period - Ryan Wilson is hit by Nate Prosser and loses puck.
7:04 of 2nd period - Wrist shot by Kevin Porter.
7:04 of 2nd period - Shot Misses the Net.
7:06 of 2nd period - Snap shot by Kevin Porter.
7:06 of 2nd period - Stopped by Manny Legace without a rebound.
7:07 of 2nd period - Kevin Porter wins face-off versus Michael Nylander in Princes zone.
7:08 of 2nd period - Slapshot by Jakub Voracek.
7:08 of 2nd period - Stopped by Manny Legace without a rebound.
7:09 of 2nd period - Michael Nylander wins face-off versus Andrew Cogliano in Princes zone.
8:04 of 2nd period - Slapshot by Trevor Daley.
8:04 of 2nd period - Stopped by Manny Legace without a rebound.
8:05 of 2nd period - Michael Nylander wins face-off versus Andreas Karlsson in Princes zone.
8:30 of 2nd period - Noah Welch is hit by Kyle Cumiskey and loses puck.
8:55 of 2nd period - Wrist shot by David Desharnais.
8:55 of 2nd period - Goal by David Desharnais - Princes : 1 - Sasquatch : 1.
8:56 of 2nd period - Andrew Cogliano wins face-off versus Michael Nylander in neutral zone.
9:01 of 2nd period - Wrist shot by Tomas Kurka.
9:01 of 2nd period - Shot Misses the Net.
10:45 of 2nd period - Curtis Glencross is hit by Jakub Voracek and loses puck.
11:04 of 2nd period - Snap shot by Andreas Karlsson.
11:04 of 2nd period - Stopped by Manny Legace with a rebound.
11:08 of 2nd period - Snap shot by Matt Ellison.
11:08 of 2nd period - Shot Misses the Net.
11:24 of 2nd period - Slapshot by Aaron Voros.
11:24 of 2nd period - Stopped by Manny Legace without a rebound.
11:25 of 2nd period - Jiri Novotny wins face-off versus Michael Nylander in Princes zone.
11:52 of 2nd period - Slapshot by Ryan Wilson.
11:52 of 2nd period - Stopped by Manny Legace with a rebound.
12:07 of 2nd period - Icing by Jesse Winchester.
12:08 of 2nd period - Kevin Porter wins face-off versus David Desharnais in Princes zone.
12:09 of 2nd period - Slapshot by Trevor Daley.
12:09 of 2nd period - Stopped by Manny Legace with a rebound.
12:11 of 2nd period - Snap shot by Jakub Voracek.
12:11 of 2nd period - Stopped by Manny Legace without a rebound.
12:12 of 2nd period - Kevin Porter wins face-off versus David Desharnais in Princes zone.
12:21 of 2nd period - Slapshot by Brian Lee.
12:21 of 2nd period - Stopped by Manny Legace with a rebound.
12:23 of 2nd period - Slapshot by Linus Omark.
12:23 of 2nd period - Deflect By David Desharnais.
12:23 of 2nd period - Stopped by Manny Legace with a rebound.
12:37 of 2nd period - Trevor Daley is hit by Brian McGrattan and loses puck.
13:08 of 2nd period - Snap shot by Matt Ellison.
13:08 of 2nd period - Stopped by Manny Legace without a rebound.
13:09 of 2nd period - Michael Nylander wins face-off versus Kevin Porter in Princes zone.
13:24 of 2nd period - Wrist shot by Brian McGrattan.
13:24 of 2nd period - Shot Blocked by Jakub Voracek.
13:42 of 2nd period - Off-side.
13:43 of 2nd period - Andrew Cogliano wins face-off versus Michael Nylander in neutral zone.
13:50 of 2nd period - Snap shot by Tomas Kurka.
13:50 of 2nd period - Deflect By David Perron.
13:50 of 2nd period - Shot Misses the Net.
13:50 of 2nd period - Puck is out of play.
13:51 of 2nd period - Andrew Cogliano wins face-off versus Michael Nylander in Princes zone.
14:16 of 2nd period - Kevin Porter is hit by Chris Thorburn and loses puck.
14:25 of 2nd period - Slapshot by Kevin Porter.
14:25 of 2nd period - Stopped by Manny Legace without a rebound.
14:26 of 2nd period - Chris Thorburn wins face-off versus Andrew Cogliano in Princes zone.
14:31 of 2nd period - Slapshot by Jason Strudwick.
14:31 of 2nd period - Shot Misses the Net.
14:49 of 2nd period - Minor Penalty to Linus Omark for Holding.
14:50 of 2nd period - Steve Bernier wins face-off versus Michael Nylander in Sasquatch zone.
15:25 of 2nd period - Off-side.
15:26 of 2nd period - Michael Nylander wins face-off versus Jiri Novotny in neutral zone.
15:37 of 2nd period - Wrist shot by David Perron.
15:37 of 2nd period - Deflect By Michael Nylander.
15:37 of 2nd period - Shot Blocked by Trevor Daley.
15:37 of 2nd period - Trevor Daley from Sasquatch is injured at 15:37 of 2nd period (Left Hand).
15:38 of 2nd period - Steve Bernier wins face-off versus Michael Nylander in Sasquatch zone.
15:38 of 2nd period - Steve Bernier is hit by Brian McGrattan.
15:48 of 2nd period - Wrist shot by Michael Nylander.
15:48 of 2nd period - Stopped by Cory Schneider without a rebound.
15:49 of 2nd period - Michael Nylander wins face-off versus Andrew Cogliano in Sasquatch zone.
15:56 of 2nd period - Wrist shot by David Perron.
15:56 of 2nd period - Stopped by Cory Schneider with a rebound.
15:58 of 2nd period - Slapshot by Kevin Shattenkirk.
15:58 of 2nd period - Shot Misses the Net.
16:00 of 2nd period - Slapshot by David Perron.
16:00 of 2nd period - Stopped by Cory Schneider with a rebound.
16:24 of 2nd period - Slapshot by Alexander Korolyuk.
16:24 of 2nd period - Shot Misses the Net.
16:49 of 2nd period - Penalty to Linus Omark is over, Linus Omark is back on ice.
16:52 of 2nd period - Mark Giordano is hit by Nate Prosser and loses puck.
17:34 of 2nd period - Slapshot by Aaron Voros.
17:34 of 2nd period - Shot Misses the Net.
17:36 of 2nd period - Snap shot by Jiri Novotny.
17:36 of 2nd period - Shot Misses the Net.
17:49 of 2nd period - Kyle Cumiskey is hit by Anthony Peluso and loses puck.
17:56 of 2nd period - Jason Strudwick is hit by Aaron Voros and loses puck.
18:01 of 2nd period - Wrist shot by Konstantin Pushkarev.
18:01 of 2nd period - Shot Blocked by Nate Prosser.
18:03 of 2nd period - Snap shot by Jiri Novotny.
18:03 of 2nd period - Shot Misses the Net.
18:05 of 2nd period - Slapshot by Kevin Marshall.
18:05 of 2nd period - Shot Misses the Net.
18:07 of 2nd period - Slapshot by Kevin Marshall.
18:07 of 2nd period - Shot Blocked by Jason Strudwick.
18:09 of 2nd period - Snap shot by Konstantin Pushkarev.
18:09 of 2nd period - Stopped by Manny Legace without a rebound.
18:10 of 2nd period - Jakub Voracek wins face-off versus Michael Nylander in Princes zone.
18:17 of 2nd period - Kevin Shattenkirk is hit by Kevin Porter and loses puck.
18:24 of 2nd period - Snap shot by Jakub Voracek.
18:24 of 2nd period - Shot Blocked by Kevin Shattenkirk.
18:57 of 2nd period - Snap shot by Michael Nylander.
18:57 of 2nd period - Goal by Michael Nylander - Princes : 2 - Sasquatch : 1.
18:58 of 2nd period - Tomas Kurka wins face-off versus Jesse Winchester in neutral zone.
19:07 of 2nd period - Wrist shot by Chris Thorburn.
19:07 of 2nd period - Shot Misses the Net.
19:09 of 2nd period - Slapshot by Rostislav Klesla.
19:09 of 2nd period - Deflect By Andrew Cogliano.
19:09 of 2nd period - Stopped by Cory Schneider with a rebound.
19:32 of 2nd period - Snap shot by Alexander Korolyuk.
19:32 of 2nd period - Stopped by Cory Schneider without a rebound.
19:33 of 2nd period - Andrew Cogliano wins face-off versus Jesse Winchester in Sasquatch zone.

3rd period


0:01 of 3rd period - Jesse Winchester wins face-off versus Andrew Cogliano in neutral zone.
0:08 of 3rd period - Snap shot by Curtis Glencross.
0:08 of 3rd period - Shot Blocked by Brian Lee.
0:28 of 3rd period - Wrist shot by Alexander Korolyuk.
0:28 of 3rd period - Shot Misses the Net.
0:48 of 3rd period - Michael Nylander is hit by Mark Giordano.
0:52 of 3rd period - Brian McGrattan is hit by Mark Giordano and loses puck.
1:00 of 3rd period - Icing by David Perron.
1:01 of 3rd period - David Perron wins face-off versus Kevin Porter in Princes zone.
1:08 of 3rd period - Slapshot by Noah Welch.
1:08 of 3rd period - Stopped by Cory Schneider with a rebound.
1:10 of 3rd period - Slapshot by Noah Welch.
1:10 of 3rd period - Shot Blocked by Kevin Marshall.
1:12 of 3rd period - Snap shot by David Perron.
1:12 of 3rd period - Shot Misses the Net.
1:14 of 3rd period - Snap shot by David Perron.
1:14 of 3rd period - Shot Misses the Net.
1:20 of 3rd period - Wrist shot by Michael Nylander.
1:20 of 3rd period - Shot Blocked by Jakub Voracek.
1:22 of 3rd period - Snap shot by Noah Welch.
1:22 of 3rd period - Stopped by Cory Schneider without a rebound.
1:23 of 3rd period - Jesse Winchester wins face-off versus Andreas Karlsson in Sasquatch zone.
1:28 of 3rd period - Snap shot by Curtis Glencross.
1:28 of 3rd period - Stopped by Cory Schneider with a rebound.
1:30 of 3rd period - Slapshot by Nate Prosser.
1:30 of 3rd period - Shot Misses the Net.
2:01 of 3rd period - Off-side.
2:02 of 3rd period - Michael Nylander wins face-off versus Andrew Cogliano in neutral zone.
2:08 of 3rd period - Minor Penalty to Michael Nylander for Tripping.
2:09 of 3rd period - Andrew Cogliano wins face-off versus Brian McGrattan in Princes zone.
2:39 of 3rd period - Slapshot by Ryan Wilson.
2:39 of 3rd period - Stopped by Manny Legace without a rebound.
2:40 of 3rd period - Kevin Porter wins face-off versus David Desharnais in Princes zone.
3:15 of 3rd period - Slapshot by Andrew Cogliano.
3:15 of 3rd period - Shot Blocked by David Desharnais.
3:33 of 3rd period - Noah Welch is hit by Ryan Wilson and loses puck.
3:50 of 3rd period - Wrist shot by Andrew Cogliano.
3:50 of 3rd period - Goal by Andrew Cogliano - Princes : 2 - Sasquatch : 2.
3:51 of 3rd period - Jesse Winchester wins face-off versus Andrew Cogliano in neutral zone.
4:41 of 3rd period - Noah Welch is hit by Andreas Karlsson and loses puck.
4:58 of 3rd period - Icing by Kevin Shattenkirk.
4:59 of 3rd period - John Madden wins face-off versus Jiri Novotny in Princes zone.
5:26 of 3rd period - Jason Strudwick is hit by Mark Giordano and loses puck.
5:42 of 3rd period - Kevin Shattenkirk is hit by Jakub Voracek.
5:57 of 3rd period - Minor Penalty to Kevin Porter for Tripping.
5:58 of 3rd period - Michael Nylander wins face-off versus Andrew Cogliano in Sasquatch zone.
6:13 of 3rd period - David Perron is hit by Brian Lee and loses puck.
6:31 of 3rd period - Wrist shot by Rostislav Klesla.
6:31 of 3rd period - Stopped by Cory Schneider without a rebound.
6:32 of 3rd period - Jesse Winchester wins face-off versus Linus Omark in Sasquatch zone.
6:43 of 3rd period - Snap shot by Jesse Winchester.
6:43 of 3rd period - Stopped by Cory Schneider without a rebound.
6:44 of 3rd period - Michael Nylander wins face-off versus Andrew Cogliano in Sasquatch zone.
6:45 of 3rd period - Snap shot by David Perron.
6:45 of 3rd period - Stopped by Cory Schneider with a rebound.
6:47 of 3rd period - Wrist shot by Brian McGrattan.
6:47 of 3rd period - Shot Misses the Net.
6:49 of 3rd period - Slapshot by Michael Nylander.
6:49 of 3rd period - Shot Misses the Net.
7:17 of 3rd period - Slapshot by Kevin Shattenkirk.
7:17 of 3rd period - Shot Blocked by Kyle Cumiskey.
7:57 of 3rd period - Penalty to Kevin Porter is over, Kevin Porter is back on ice.
8:27 of 3rd period - Nate Prosser is hit by Andreas Karlsson and loses puck.
9:08 of 3rd period - Off-side.
9:09 of 3rd period - Anthony Peluso wins face-off versus Kevin Porter in neutral zone.
9:20 of 3rd period - Slapshot by Michael Haley.
9:20 of 3rd period - Goal by Michael Haley - Princes : 3 - Sasquatch : 2.
9:21 of 3rd period - Andrew Cogliano wins face-off versus Jesse Winchester in neutral zone.
9:31 of 3rd period - Icing by Curtis Glencross.
9:32 of 3rd period - Andrew Cogliano wins face-off versus Jesse Winchester in Princes zone.
9:33 of 3rd period - Snap shot by Steve Bernier.
9:33 of 3rd period - Shot Blocked by Noah Welch.
10:39 of 3rd period - Snap shot by Andrew Cogliano.
10:39 of 3rd period - Deflect By Steve Bernier.
10:39 of 3rd period - Shot Blocked by John Madden.
10:39 of 3rd period - Puck is out of play.
10:40 of 3rd period - Tomas Kurka wins face-off versus John Madden in Princes zone.
10:41 of 3rd period - Wrist shot by Andrew Cogliano.
10:41 of 3rd period - Shot Blocked by John Madden.
10:43 of 3rd period - Slapshot by Steve Bernier.
10:43 of 3rd period - Shot Misses the Net.
11:05 of 3rd period - Snap shot by Sean Zimmerman.
11:05 of 3rd period - Stopped by Cory Schneider without a rebound.
11:06 of 3rd period - Kevin Porter wins face-off versus Jesse Winchester in Sasquatch zone.
11:17 of 3rd period - Wrist shot by Kevin Porter.
11:17 of 3rd period - Stopped by Manny Legace with a rebound.
11:33 of 3rd period - Wrist shot by Andrew Brunette.
11:33 of 3rd period - Goal by Andrew Brunette - Princes : 3 - Sasquatch : 3.
11:34 of 3rd period - Michael Nylander wins face-off versus Tomas Kurka in neutral zone.
11:34 of 3rd period - Michael Nylander is hit by Steve Bernier.
11:47 of 3rd period - Off-side.
11:48 of 3rd period - Andrew Cogliano wins face-off versus Jesse Winchester in neutral zone.
11:52 of 3rd period - Ryan Wilson is hit by Noah Welch and loses puck.
11:54 of 3rd period - Minor Penalty to Curtis Glencross for Interference.
11:55 of 3rd period - Michael Nylander wins face-off versus Andrew Cogliano in Princes zone.
12:47 of 3rd period - P.J. Axelsson is hit by Kyle Cumiskey and loses puck.
13:38 of 3rd period - Tomas Kurka is hit by Brian McGrattan.
13:54 of 3rd period - Penalty to Curtis Glencross is over, Curtis Glencross is back on ice.
14:07 of 3rd period - Wrist shot by Curtis Glencross.
14:07 of 3rd period - Shot Blocked by Andreas Karlsson.
14:23 of 3rd period - Wrist shot by Brian McGrattan.
14:23 of 3rd period - Stopped by Cory Schneider without a rebound.
14:24 of 3rd period - Michael Nylander wins face-off versus Jiri Novotny in Sasquatch zone.
15:34 of 3rd period - Wrist shot by Andrew Cogliano.
15:34 of 3rd period - Goal by Andrew Cogliano - Princes : 3 - Sasquatch : 4.
15:35 of 3rd period - Andreas Karlsson wins face-off versus Jesse Winchester in neutral zone.
15:47 of 3rd period - Slapshot by Jesse Winchester.
15:47 of 3rd period - Shot Misses the Net.
16:07 of 3rd period - Off-side.
16:08 of 3rd period - Michael Nylander wins face-off versus Tomas Kurka in neutral zone.
16:17 of 3rd period - Snap shot by Michael Nylander.
16:17 of 3rd period - Stopped by Cory Schneider without a rebound.
16:18 of 3rd period - Matt Ellison wins face-off versus Jesse Winchester in Sasquatch zone.
16:18 of 3rd period - Matt Ellison is hit by Curtis Glencross.
16:26 of 3rd period - Wrist shot by Matt Ellison.
16:26 of 3rd period - Stopped by Manny Legace with a rebound.
16:28 of 3rd period - Slapshot by Mark Giordano.
16:28 of 3rd period - Stopped by Manny Legace without a rebound.
16:29 of 3rd period - Jesse Winchester wins face-off versus Andreas Karlsson in Princes zone.
16:29 of 3rd period - Jesse Winchester is hit by Ryan Wilson.
16:41 of 3rd period - Wrist shot by Chris Thorburn.
16:41 of 3rd period - Stopped by Cory Schneider with a rebound.
17:00 of 3rd period - Minor Penalty to Steve Bernier for Boarding.
17:01 of 3rd period - Andrew Cogliano wins face-off versus Michael Nylander in Sasquatch zone.
19:00 of 3rd period - Penalty to Steve Bernier is over, Steve Bernier is back on ice.
19:02 of 3rd period - Slapshot by Mark Giordano.
19:02 of 3rd period - Stopped by Manny Legace with a rebound.
19:22 of 3rd period - Princes, Manny Legace is pulled from the net.
19:28 of 3rd period - Wrist shot by Michael Nylander.
19:28 of 3rd period - Shot Blocked by Andreas Karlsson.
19:30 of 3rd period - Wrist shot by Curtis Glencross.
19:30 of 3rd period - Stopped by Cory Schneider with a rebound.
19:32 of 3rd period - Snap shot by Michael Nylander.
19:32 of 3rd period - Stopped by Cory Schneider with a rebound.
19:37 of 3rd period - Icing by Andreas Karlsson.
19:38 of 3rd period - Michael Nylander wins face-off versus Jakub Voracek in Sasquatch zone.
19:45 of 3rd period - Wrist shot by Curtis Glencross.
19:45 of 3rd period - Deflect By Chris Thorburn.
19:45 of 3rd period - Stopped by Cory Schneider without a rebound.
19:46 of 3rd period - Bruce Boudreau call a timeout for Princes.
19:46 of 3rd period - Jakub Voracek wins face-off versus Chris Thorburn in Sasquatch zone.
19:52 of 3rd period - Off-side.
19:53 of 3rd period - Michael Nylander wins face-off versus Jakub Voracek in neutral zone.
19:56 of 3rd period - Wrist shot by Michael Nylander.
19:56 of 3rd period - Shot Misses the Net.
19:58 of 3rd period - Wrist shot by Chris Thorburn.
19:58 of 3rd period - Princes goal is going for a video replay.
19:58 of 3rd period - The goal is refused. The puck has entered the net after making contact with an attacking player’s stick that is above the height of the crossbar..
19:59 of 3rd period - Michael Nylander wins face-off versus Jakub Voracek in Sasquatch zone.


Output by the SimonT Hockey Simulator (STHS) for François Prévost -- Original Page W3C XHTML 1.0 Valid
Hockey Simulator - Hockey Simulation - Hockey Manager